Map: Prion Terraces

Players

Matiz

  • Race: Zerg Zerg
  • League: Master

LiquidMaNa (MaNa) - Winner!

  • Race: Protoss Protoss
  • League: Grandmaster

Event: Corsair Cup 14

VOD

Have the link to the VOD?

Description

Time

  • Played on: March 21, 2016, 12:35 p.m.
  • Length: 9:45

All games in this series

Show
View Real Time Build Order
Export as new Build Order

Matiz Zerg 

Build Orders: Pool First 

Get SALT Encoding   

  12  0:18  Spawning Pool  
  11  0:22  Drone  
  11  0:27  Drone  
  13  0:33  Drone  
  14  0:40  Overlord  
  14  1:06  Zergling x6  
  17  1:14  Hatchery  
  16  1:18  Zergling x2  
  17  1:28  Zergling x2  
  18  1:35  Queen  
  20  1:45  Drone  
  21  1:49  Drone  
  22  2:11  Hatchery, Drone  
  22  2:23  Overlord  
  22  2:31  Extractor  
  22  2:32  Drone x3  
  22  2:38  Drone  
  21  2:45  Drone  
  22  2:56  Drone x3  
  25  3:03  Overlord  
  25  3:05  Drone  
  26  3:11  Zergling x4  
  27  3:16  Queen  
  27  3:19  Zergling x2  
  30  3:26  Zergling x6  
  33  3:35  Drone x3  
  33  3:37  Metabolic Boost  
  36  3:43  Queen  
  36  3:46  Drone  
  38  3:49  Drone  
  38  3:52  Drone  
  38  3:53  Drone  
  41  4:01  Overlord  
  41  4:02  Drone x3  
  44  4:10  Zergling x6  
  44  4:11  Zergling x2  
  48  4:17  Overlord  
  48  4:26  Zergling x6  
  48  4:27  Drone x3  
  48  4:29  Spore Crawler  
  48  4:30  Drone x2  
  54  4:33  Spore Crawler  
  54  4:34  Drone x3  
  54  4:35  Drone  
  57  4:40  Drone x2  
  57  4:45  Drone  
  59  4:48  Overlord  
  59  4:49  Drone  
  58  4:56  Drone x4  
  62  5:01  Extractor  
  62  5:06  Overlord x2  
  61  5:09  Roach Warren  
  61  5:10  Spore Crawler  
  61  5:11  Drone x2  
  61  5:15  Drone x2  
  61  5:16  Drone  
  61  5:18  Drone  
  61  5:20  Extractor  
  64  5:22  Lair  
  64  5:27  Drone x2  
  66  5:29  Extractor  
  66  5:30  Overlord, Drone x2  
  66  5:32  Extractor  
  65  5:38  Overlord  
  65  5:42  Extractor  
  64  5:43  Drone x3  
  64  5:45  Drone x4  
  64  5:46  Drone x4  
  71  5:54  Evolution Chamber  
  70  6:03  Overlord  
  70  6:04  Roach x6  
  79  6:13  Drone x3  
  81  6:19  Drone  
  81  6:21  Glial Reconstitution  
  81  6:23  Zerg Missile Weapons Level 1  
  81  6:24  Hydralisk Den  
  81  6:29  Roach x3  
  81  6:30  Roach x2  
  91  6:39  Hatchery  
  90  6:44  Overlord x2  
  90  6:54  Hydralisk x6, Muscular Augments  
  90  6:56  Hydralisk  
  102  7:05  Overlord, Hydralisk x3  
  107  7:10  Roach x2  
  107  7:11  Roach  
  107  7:15  Overlord  
  112  7:19  Hydralisk x2  
  112  7:20  Hydralisk  
  114  7:30  Hydralisk  
  114  7:31  Zergling x2, Hydralisk  
  114  7:32  Zergling x6  
  118  7:37  Roach  
  118  7:41  Roach  
  122  7:44  Roach x2  
  122  7:48  Hydralisk, Roach x2  
  130  7:53  Hydralisk x2, Roach x3  
  130  7:58  Roach  
  142  8:04  Roach  
  144  8:06  Overlord x3  
  140  8:13  Roach  
  140  8:14  Roach x2  
  140  8:16  Overlord x2  
  142  8:25  Roach x3  
  142  8:26  Roach x3  
  154  8:32  Roach x3  
  152  8:37  Roach x3  
  152  8:40  Roach x2  
  146  8:50  Hydralisk x2, Roach x3  
  152  8:59  Hydralisk  
  152  9:00  Roach x4  
  142  9:04  Roach x2  
  138  9:14  Hydralisk x2, Roach x2  
  138  9:15  Roach  
  125  9:20  Roach x2  
Show
View Real Time Build Order
Export as new Build Order

LiquidMaNa Protoss - Winner!

Build Orders: Oracle Opening 

Get SALT Encoding   

  12  0:00  Probe (Chrono Boost)  
  13  0:11  Probe (Chrono Boost)  
  14  0:18  Pylon  
  14  0:22  Probe (Chrono Boost)  
  15  0:36  Probe (Chrono Boost)  
  16  0:43  Gateway  
  16  0:46  Probe (Chrono Boost)  
  17  0:50  Assimilator  
  17  0:57  Probe (Chrono Boost)  
  18  1:08  Probe (Chrono Boost)  
  19  1:14  Assimilator  
  19  1:18  Probe (Chrono Boost)  
  20  1:30  Zealot (Chrono Boost)  
  20  1:32  Cybernetics Core  
  22  1:40  Pylon  
  22  1:42  Probe (Chrono Boost)  
  23  2:08  Pylon  
  22  2:11  Mothership Core (Chrono Boost)  
  22  2:14  Pylon  
  26  2:17  Pylon  
  26  2:26  Warp Gate  
  26  2:29  Adept (Chrono Boost)  
  26  2:31  Pylon  
  26  2:32  Pylon  
  26  2:46  Nexus  
  26  2:49  Probe (Chrono Boost)  
  27  3:00  Stargate  
  27  3:03  Probe (Chrono Boost)  
  28  3:11  Adept  
  30  3:18  Probe (Chrono Boost)  
  31  3:29  Probe (Chrono Boost)  
  32  3:37  Gateway  
  32  3:41  Probe (Chrono Boost)  
  32  3:43  Oracle (Chrono Boost)  
  36  3:53  Adept  
  36  3:55  Probe  
  39  4:02  Gateway  
  39  4:05  Probe  
  40  4:11  Probe (Chrono Boost)  
  41  4:19  Probe (Chrono Boost)  
  41  4:23  Probe (Chrono Boost)  
  43  4:30  Probe (Chrono Boost)  
  44  4:34  Probe (Chrono Boost)  
  44  4:35  Assimilator  
  45  4:39  Pylon  
  45  4:41  Probe (Chrono Boost)  
  45  4:44  Probe (Chrono Boost)  
  45  4:45  Sentry x2  
  51  4:51  Probe (Chrono Boost)  
  52  4:59  Probe (Chrono Boost)  
  51  5:01  Sentry  
  51  5:02  Probe (Chrono Boost)  
  51  5:03  Robotics Facility  
  54  5:09  Probe (Chrono Boost)  
  55  5:16  Forge  
  55  5:19  Twilight Council  
  55  5:20  Probe x2 (Chrono Boost)  
  55  5:21  Pylon  
  57  5:26  Zealot  
  59  5:33  Pylon  
  59  5:39  Nexus  
  58  5:50  Immortal (Chrono Boost), Protoss Ground Weapons Level 1 (Chrono Boost)  
  58  5:51  Probe (Chrono Boost)  
  58  5:52  Probe (Chrono Boost)  
  64  5:57  Blink (Chrono Boost), Assimilator  
  64  6:04  Nexus  
  64  6:11  Pylon  
  64  6:13  Probe x2  
  66  6:21  Phoenix  
  69  6:25  Probe  
  69  6:27  Gateway  
  69  6:29  Gateway  
  69  6:30  Immortal  
  69  6:39  Probe x2  
  75  6:54  Robotics Bay, Pylon  
  75  6:55  Stalker  
  75  6:56  Probe x2  
  79  7:04  Warp Prism  
  79  7:10  Gateway  
  79  7:13  Probe  
  79  7:36  Stalker x3, Disruptor  
  85  7:37  Stalker x2  
  92  7:59  Stalker x3  
  92  8:00  Stalker x2  
  102  8:07  Disruptor  
  103  8:19  Sentry  
  105  8:21  Gateway  
  105  8:24  Pylon  
  105  8:25  Pylon  
  105  8:30  Stalker x5  
  111  8:43  Disruptor  
  111  8:50  Zealot  
  111  8:53  Stalker  
  111  8:54  Zealot x3  
  124  9:02  Stalker  
  95  9:19  Stalker x4  
  95  9:20  Probe  
  95  9:25  Probe  
  95  9:28  Probe  
  97  9:33  Stalker  
  97  9:35  Assimilator  
  99  9:36  Assimilator  
Tags
 
Add a new tag
Caveats
  • Supply blocks, unpowered buildings, or Contaminate may cause inaccurate times.
  • Supply counts are checked every 10 seconds.